 Dungeon Crawl Stone Soup version 0.24.0-13-gcf9b3192b9 (webtiles) character file.

Game seed: 11115755682968014620, levelgen mode: deterministic

116 inmateoo the Covered (level 5, 0/41 HPs)
             Began as a Human Fighter on Nov 5, 2019.
             Slain by a sky beast (5 damage)
             ... on level 3 of the Dungeon.
             The game lasted 00:02:52 (2180 turns).

inmateoo the Covered (Human Fighter)                Turns: 2180, Time: 00:02:52

Health: 0/41       AC:  8    Str: 17    XL:     5   Next: 21%
Magic:  5/5        EV:  7    Int:  9    God:
Gold:   67         SH:  9    Dex: 12    Spells: 4/4 levels left

rFire    . . .     SeeInvis .   a - +0 trident
rCold    . . .     Gourm    .   c - +0 shield
rNeg     . . .     Faith    .   b - +0 scale mail
rPois    .         Spirit   .   h - +0 helmet
rElec    .         Reflect  .   (no cloak)
rCorr    .         Harm     .   (no gloves)
MR       .....                  (no boots)
Stlth    ..........             (no amulet)
HPRegen  0.13/turn              (no ring)
MPRegen  0.09/turn              (no ring)

@: no status effects
A: no striking features
a: no special abilities


You were on level 3 of the Dungeon.
You were hungry.

You visited 1 branch of the dungeon, and saw 3 of its levels.

You collected 67 gold pieces.

Inventory:

Hand Weapons
 a - a +0 trident (weapon)
 m - a +1 short sword of flaming
Armour
 b - a +0 scale mail (worn)
 c - a +0 shield (worn)
 h - a +0 helmet (worn)
Scrolls
 g - 2 scrolls of identify {unknown}
 j - a scroll of magic mapping {unknown}
 k - a scroll of amnesia {unknown}
 l - a scroll of teleportation {unknown}
 n - a scroll of enchant armour {unknown}
 o - 4 scrolls of remove curse {unknown}
Potions
 d - a potion of might
 e - 2 potions of curing {unknown}
 i - a potion of resistance {unknown}
Comestibles
 f - a ration


   Skills:
 + Level 3.4 Fighting
 * Level 3.3 Polearms
 + Level 3.6 Armour
 + Level 1.4 Stealth
 + Level 3.5 Shields


You had 4 spell levels left.
You didn't know any spells.
Your spell library was empty.

Dungeon Overview and Level Annotations

Branches:
Dungeon (3/15)

Altars:
Ashenzari


Message History

Attack whom?
Press: ? - help, Dir - move target cursor, f/p - sky beast
Aim: a sky beast (moderately wounded)
You are feeling hungry.
You closely miss the sky beast.
The sky beast is moderately wounded.
You block the sky beast's attack.
Attack whom?
Press: ? - help, Dir - move target cursor, f/p - sky beast
Aim: a sky beast (moderately wounded)
You closely miss the sky beast.
The sky beast is moderately wounded.
The sky beast hits you.
* * * LOW HITPOINT WARNING * * *
The sky beast shocks you.
* * * LOW HITPOINT WARNING * * *
The sky beast hits you.
* * * LOW HITPOINT WARNING * * *
The sky beast shocks you.
You die...

#.# # #.# #. ##.## #.#
#...# .#.# #.#.# ##.##.#
####.#.####
##.#.##.##....#....#
##.#..###...#######.#
##.#...##.##.@Ys#....#
#.#....#<######w#.####
#.#.....†## #.#.#
#......### ####...####
#.......s.# #.≈≈.........
........#.###.###########
......###............
.....# #####.#######
#.... #.#


You could see a sky beast, a worm and a giant cockroach.

Vanquished Creatures
  6 adders (D:2)
  2 oozes
  A worm (D:2)
  2 dart slugs (D:1)
  2 leopard geckos (D:1)
  2 giant cockroaches
  A goblin (D:2)
  9 hobgoblins
  5 jackals
  A quokka (D:2)
  5 bats
  3 kobolds
  7 rats
46 creatures vanquished.

Notes
Turn   | Place    | Note
-------+----------+-------------------------------------------
     0 | D:1      | inmateoo the Human Fighter began the quest for the Orb.
     0 | D:1      | Reached XP level 1. HP: 18/18 MP: 1/1
   152 | D:1      | Reached XP level 2. HP: 24/24 MP: 2/2
   325 | D:1      | Found a shattered altar of Ashenzari.
   386 | D:1      | Reached XP level 3. HP: 25/29 MP: 3/3
  1202 | D:2      | Noticed a phantom
  1219 | D:2      | Reached skill level 1 in Stealth
  1219 | D:2      | Reached XP level 4. HP: 30/35 MP: 4/4
  1951 | D:2      | Reached XP level 5. HP: 35/41 MP: 5/5
  2077 | D:3      | Noticed a sky beast
  2180 | D:3      | Slain by a sky beast

Levels and vault maps discovered:
D:1:      shiori_arrival_oz, layout_loops_ring, nicolae_ashenzari_panopticon
D:2:      kennysheep_big_flooded_room, layout_loops_ring
D:3:      wad_pebble_path, layout_loops_ring,
          chequers_temple_overflow_minitemple, uniq_terence, uniq_jessica

Skill      XL: |  1  2  3  4 |
---------------+-------------+-----
Stealth        | 1 |  1.4
Polearms       | 3 |  3.3
Fighting       | |  3.4
Armour         | |  3.6
Shields        | |  3.5

Action                   |  1- 3 |  4- 6 || total
-------------------------+-------+-------++-------
Melee: Trident           |   111 |   121 ||   232
  Eat: Chunk             |       |     4 ||     4
Armor: Scale mail        |    44 |    43 ||    87
Dodge: Dodged            |    23 |    40 ||    63
Block: Shield            |    38 |    55 ||    93
